 Dungeon Crawl Stone Soup version 0.20.0-15-g7f486f2 (webtiles) character file.

112 Firecrotchwizard the Firebug (level 4, -8/30 HPs)
             Began as a Demonspawn Fire Elementalist on June 24, 2017.
             Killed by divine providence
             ... invoked by an orc priest
              (15 damage)
             ... on level 3 of the Dungeon.
             The game lasted 00:08:20 (2938 turns).

Firecrotchwizard the Firebug (DsFE)                 Turns: 2938, Time: 00:08:21

Health: -8/30      AC: -2    Str:  8    XL:     4   Next: 63%
Magic:  0/8        EV: 12    Int: 17    God:
Gold:   56         SH:  0    Dex: 14    Spells: 3/8 levels left

rFire    + . .     SeeInvis .   f - +1 club
rCold    . . .     Gourm    .   (no shield)
rNeg     . . .     Faith    .   a - +0 robe
rPois    .         Spirit   .   e - +1 hat
rElec    .         Reflect  .   (no cloak)
rCorr    .         Harm     .   c - +0 pair of gloves
MR       .....                  (no boots)
Stlth    ++........             (no amulet)
Regen    0.1/turn               h - ring of protection from fire {rF+, !d}
MPRegen  0.2/turn               n - -6 ring of protection (curse)

@: very slightly contaminated
A: sturdy frame 1
a: no special abilities


You were on level 3 of the Dungeon.
You were not hungry.

You visited 1 branch of the dungeon, and saw 3 of its levels.

You collected 56 gold pieces.

Inventory:

Hand Weapons
 f - a +1 club (weapon)
   (You found it on level 1 of the Dungeon)
Missiles
 g - 5 tomahawks (quivered)
Armour
 a - a +0 robe (worn)
 c - a +0 pair of gloves (worn)
   (You found it on level 2 of the Dungeon)
 e - a +1 hat (worn)
   (You found it on level 1 of the Dungeon)
Jewellery
 h - a ring of protection from fire (left hand) {rF+, !d}
   (You found it on level 1 of the Dungeon)
 n - a cursed -6 ring of protection (right hand)
   (You found it on level 1 of the Dungeon)
Scrolls
 d - a scroll of identify
Potions
 i - a potion of curing {unknown}
 j - 2 potions of flight
 l - a potion of might {unknown}
Books
 b - a book of Flames
Comestibles
 k - a chunk of flesh {@w0}
 m - a meat ration {@e2}
 o - 4 fruits
 p - a bread ration {@e1}


   Skills:
 - Level 1.7 Dodging
 - Level 1.7 Stealth
 + Level 2.7 Spellcasting
 * Level 3.1 Conjurations
 * Level 3.4 Fire Magic


You had 3 spell levels left.
You knew the following spells:

 Your Spells              Type           Power        Failure   Level  Hunger
a - Flame Tongue          Conj/Fire      ##...        4%          1    #......
s - Sticky Flame          Conj/Fire      ##......     41%         4    #####..


Dungeon Overview and Level Annotations

Branches:
Dungeon (3/15)

Altars:
Ashenzari
Fedhas

Annotations:
D:2 exclusion: gnoll, Robin


Innate Abilities, Weirdness & Mutations

Your movements are slightly less encumbered by armour. (ER -2)


Message History

a club; a hobgoblin skeleton You butcher the hobgoblin corpse.
k - 3 chunks of flesh {@w0} (gained 2)
g - 2 tomahawks (gained 1)
l - a viscous silvery potion
g - 3 tomahawks (gained 1)
g - 4 tomahawks (gained 1)
g - 5 tomahawks (gained 1)
o - 4 fruits
p - a bread ration {@e1} A gnoll comes into view.
It is wielding a spear.
You can't see that place. [the floor.]
An adder comes into view.
Aim: an adder (hasn't noticed you)
The flame tongue hits the adder.
The adder hisses angrily.
You now have 7/8 mp.
Aim: an adder (heavily wounded)
The flame tongue hits the adder.
You kill the adder!
You now have 6/8 mp.
You start resting.
MP restored: 8 You butcher the adder corpse.
k - 4 chunks of flesh {@w0} (gained 1)
Found a stone staircase leading down.
There is a stone staircase leading down here.
There is an open door here.
Robin of the Strong Arm comes into view.
She is wielding an enchanted dagger.
A goblin comes into view. It is wielding a club.
You can't see any susceptible monsters within range! (Use Z to cast anyway.)
There is a stone staircase leading down here.
The goblin throws a stone.
The stone misses you.
You climb downwards.
There is a stone staircase leading up here.
Found a stone staircase leading up.
Some of the chunks of flesh in your inventory have rotted away.
Found a stone staircase leading down.
There is a stone staircase leading down here. 3 orcs and an orc priest come into view.
The orc priest shouts!
Found a stone staircase leading up.
Aim: an orc, wielding a dagger (hasn't noticed you)
Okay, then.
Aim: an orc, wielding a dagger (hasn't noticed you)
Okay, then.
You start waiting.
Aim: an orc, wielding a dagger (hasn't noticed you)
The flame tongue hits the orc.
You kill the orc!
You now have 7/8 mp.
You start resting.
Aim: an orc priest, wielding a club The flame tongue misses the orc priest.
You now have 6/8 mp.
Aim: an orc priest, wielding a club The flame tongue hits the orc priest.
The orc priest barely misses you.
Some of the chunks of flesh in your inventory have rotted away.
You now have 5/8 mp.
Aim: an orc priest, wielding a club (lightly wounded)
You miscast Flame Tongue.
You are very lightly contaminated with residual magic.
You feel a strange surge of energy! The orc priest hits you with a club.
You take 3 damage, and have 27/30 hp.
You now have 4/8 mp.
Aim: an orc priest, wielding a club (lightly wounded)
The flame tongue hits the orc priest.
The orc priest completely misses you.
You now have 3/8 mp.
Aim: an orc priest, wielding a club (severely wounded)
The flame tongue hits the orc priest.
The orc priest misses you.
You now have 2/8 mp.
Aim: an orc priest, wielding a club (severely wounded)
The flame tongue hits the orc priest.
The orc priest hits you with a club.
You take 6 damage, and have 22/30 hp.
You now have 1/8 mp.
Aim: an orc priest, wielding a club (severely wounded)
The flame tongue misses the orc priest.
Aim: an orc priest, wielding a club (severely wounded)
The flame tongue hits the orc priest.
The orc priest misses you.
You now have 0/8 mp.
You don't have enough magic to cast that spell.
You hit the orc priest but do no damage.
The orc priest hits you with a club!
The orc priest invokes the aid of Beogh against you.
You barely resist.
You take 8 damage, and have 14/30 hp.
MASSIVE DAMAGE!!
You barely miss the orc priest. The orc priest hits you with a club!
* * * LOW HITPOINT WARNING * * *
You take 8 damage, and have 6/30 hp.
MASSIVE DAMAGE!!
You hit the orc priest.
The orc priest casts a cantrip, but nothing happens.
You barely miss the orc priest.
The orc priest calls down the wrath of Beogh upon you.
You barely resist. You barely miss the orc priest.
The orc priest invokes the aid of Beogh against you.
Beogh smites you!
Ouch! That really hurt!
You die...

### . ..#
..#
<########
#.#....
.oooo..)#
#.#....
####o#####
.....<.
#..@.....#
.......
#..#.##..#
#.#####
#..#.##..#
..#
#........#
###
#...#.#..#
#
#........#
#
#........#
##
#.#..##..#
.#
#........#


You could see an orc priest.

Vanquished Creatures
  Terence (D:2)
  A gnoll (D:1)
  2 adders
  A worm (D:2)
  4 dart slugs
  A leopard gecko (D:1)
  An orc (D:3)
  3 giant cockroaches
  8 goblins
  10 hobgoblins
  A ball python (D:1)
  2 bats (D:1)
  2 frilled lizards (D:1)
  4 kobolds (D:1)
  4 rats (D:1)
45 creatures vanquished.

Notes
Turn   | Place    | Note
-------+----------+-------------------------------------------
     0 | D:1      | Firecrotchwizard the Demonspawn Fire Elementalist began the quest for the Orb.
     0 | D:1      | Reached XP level 1. HP: 13/13 MP: 3/3
   404 | D:1      | Gained mutation: Your movements are slightly less encumbered by armour. (ER -2) [demonic ancestry]
   404 | D:1      | Reached XP level 2. HP: 19/19 MP: 3/5
   735 | D:1      | Reached skill level 2 in Conjurations
  1049 | D:1      | Reached skill level 3 in Fire Magic
  1049 | D:1      | Reached XP level 3. HP: 24/24 MP: 3/6
  2073 | D:2      | Found a blossoming altar of Fedhas.
  2135 | D:2      | Found a shattered altar of Ashenzari.
  2147 | D:2      | Reached XP level 4. HP: 23/30 MP: 4/7
  2203 | D:2      | Noticed Terence
  2311 | D:2      | Killed Terence
  2311 | D:2      | Reached skill level 3 in Conjurations
  2612 | D:2      | Learned a level 4 spell: Sticky Flame
  2843 | D:2      | Noticed Robin
  2935 | D:3      | HP: 6/30 [orc priest/club (8)]
  2938 | D:3      | Killed from afar by an orc priest

Skill      XL: |  1  2  3  4 |
---------------+-------------+-----
Conjurations   | 2 3 |  3.1
Fire Magic     | 3 |  3.4
Dodging        | |  1.7
Stealth        | |  1.7
Spellcasting   | |  2.7

Action                   |  1- 3 |  4- 6 || total
-------------------------+-------+-------++-------
Melee: Club              |    26 |     9 ||    35
Throw: Tomahawk          |    62 |     9 ||    71
 Cast: Flame Tongue      |    45 |    29 ||    74
  Use: Scroll            |     4 |       ||     4
 Stab: Sleeping          |     1 |       ||     1
  Eat: Chunk             |     4 |       ||     4
       Bread ration      |       |     1 ||     1
Armor: Robe              |     4 |       ||     4
Dodge: Dodged            |    34 |     7 ||    41

Vault maps used:
D:1:      dpeg_arrival_more_subterranean_lakeside_camping
D:2:      evilmike_ruin_ashenzari, first_bread, fedhas_altar_2, uniq_robin,
          uniq_terence
D:3:      overflow_temple_1_default, nicolae_ru_sacrificial_ziggurat,
          minmay_door_square, kennysheep_jessica_study, uniq_ijyb, uniq_jessica,
          uniq_grinder

Table legend:
 A = Turns spent in this place as a percentage of turns spent in the entire game.
 B = Non-inter-level travel turns spent in this place as a percentage of non-inter-level travel turns spent in the entire game.
 C = Inter-level travel turns spent in this place as a percentage of turns spent in this place.
 D = Turns resting spent in this place as a percentage of non-inter-level travel turns spent in this place.
 E = Turns spent auto-exploring this place as a percentage of non-inter-level travel turns spent in this place.
 F = Non-inter-level travel turns spent in this place divided by the number of levels of this place that you've seen.
                   A       B       C       D       E      F
               +-------+-------+-------+-------+-------+----------------------
         Total | 100.0 | 100.0 |   0.7 |  13.5 |  13.1 | 185.3
       Dungeon | 100.0 | 100.0 |   0.7 |  13.5 |  13.1 | 185.3
               +-------+-------+-------+-------+-------+----------------------

Table legend:
 A = Kills in this place as a percentage of kills in entire the game.
 B = Kills by you in this place as a percentage of kills by you in the entire game.
 C = Kills by friends in this place as a percentage of kills by friends in the entire game.
 D = Other kills in this place as a percentage of other kills in the entire game.
 E = Experience gained in this place as a percentage of experience gained in the entire game.
 F = Experience gained in this place divided by the number of levels of this place that you have seen.
                   A       B       C       D       E      F
               +-------+-------+-------+-------+-------+----------------------
         Total | 100.0 | 100.0 |  -nan |  -nan | 100.0 |  53.3
       Dungeon | 100.0 | 100.0 |  -nan |  -nan | 100.0 |  53.3
               +-------+-------+-------+-------+-------+----------------------
